 Dungeon Crawl Stone Soup version 0.27-a0-1123-g2f9bb313c0 (webtiles) character file.

Game seed: 13392517517823406246

22 lmSkywalker the Insei (level 2, 0/22 HPs)
             Began as a Djinni Transmuter on May 3, 2021.
             Slain by a jackal (3 damage)
             ... on level 1 of the Dungeon on May 4, 2021.
             The game lasted 00:05:44 (1325 turns).

lmSkywalker the Insei (Djinni Transmuter)           Turns: 1325, Time: 00:05:45

Health: 0/22       AC:  2    Str:  9    XL:     2   Next: 91%
Gold:   82         EV: 12    Int: 14    God:
                   SH:  0    Dex: 13

rFire    + + .     SeeInvis .     - Unarmed
rCold    x . .     Faith    .   (no shield)
rNeg     . . .     Spirit   .   a - +0 robe
rPois    ∞         Reflect  .   (helmet currently unavailable)
rElec    .         Harm     .   (no cloak)
rCorr    .         Rampage  .   (no gloves)
Will     .....                  (boots unavailable)
Stlth    +.........             (no amulet)
HPRegen  0.07/turn              (no ring)
MPRegen  0.00/turn              (no ring)

@: appendages, flying
A: horns 2, flying, fire resistance 2, cold vulnerability 1, float, innate
caster, hp casting, extra vitality 1
a: End Transformation


You were on level 1 of the Dungeon.
You had temporarily grown beastly horns.
You visited 1 branch of the dungeon, and saw 1 of its levels.

You collected 82 gold pieces.

Inventory:

Missiles
 e - 5 javelins (quivered)
Armour
 a - a +0 robe (worn)
 g - a +0 ring mail
Magical Staves
 c - a staff of cold
 f - a staff of fire
Scrolls
 b - 2 scrolls of identify {unknown}
Potions
 d - a potion of heal wounds {unknown}


   Skills:
 + Level 1.5 Fighting
 + Level 2.6 Dodging
 + Level 3.2 Unarmed Combat
 + Level 2.0 Spellcasting


You couldn't memorise any spells.
You knew the following spells:

 Your Spells              Type           Power      Damage    Failure   Level
a - Beastly Appendage     Tmut           14%        N/A       10%         1
b - Wereblood             Tmut           7%         N/A       16%         2
c - Spider Form           Tmut/Pois      3%         N/A       30%         3
d - Ice Form              Ice/Tmut       7%         N/A       69%         4
e - Hydra Form            Tmut           3%         N/A       95%         5
Your spell library was empty.

Dungeon Overview and Level Annotations

Branches:
Dungeon (1/15)

Altars:

Shops:
D:1 ?**


Innate Abilities, Weirdness & Mutations

You have temporarily grown beastly horns.
You are flying.
You are immune to poison.
Your flesh is very heat resistant. (rF++)
You are vulnerable to cold. (rC-)
You float through the air rather than walking.
You learn spells naturally, not from books.
Your magical power is your life essence.
You have superior vitality. (+4 HP)


Message History

The jackal bites you.
You hit the jackal.
The jackal is severely wounded.
The jackal misses you. The jackal bites you.
* * * LOW HITPOINT WARNING * * *
You closely miss the jackal.
The jackal is severely wounded.
Your horns disappear.
The jackal bites you.
* * * LOW HITPOINT WARNING * * *
You hit the jackal but do no damage.
The jackal is severely wounded.
The jackal bites you.
* * * LOW HITPOINT WARNING * * *
You hit the jackal.
The jackal is almost dead.
The jackal closely misses you. x2
Your magical contamination has completely faded away.
You miss the jackal.
The jackal is almost dead.
The jackal bites you but does no damage.
You hit the jackal but do no damage.
The jackal is almost dead.
The jackal bites you but does no damage.
Okay, then.
Casting: Wereblood (safe; 16% risk of failure)
Confirm with . or Enter, or press ? or * to list all spells.
You grow a pair of large bovine horns.
* * * LOW HITPOINT WARNING * * *
The jackal completely misses you. The jackal misses you.
The jackal completely misses you.
You hit the jackal but do no damage. You headbutt the jackal.
You kill the jackal!
The jackal barely misses you.
You closely miss the jackal. The jackal barely misses you.
You hit the jackal but do no damage. Your headbutt misses the jackal.
The jackal misses you.
You hit the jackal but do no damage. The jackal closely misses you.
The jackal bites you.
You die...

#........#### #.
...........# #.
##########.## ##
#..# # ##.# ## ..
..###########.# #.
..............##.##
#.
..#########......#
#.
.###h.P.#..P@###...#
#.
#PPPPh..#..hP...#..#
#.
#...PP..#...P...##.#
#.
..P.....#..P..P...##
#.
..P.P..._..P.P....#
#.
.....P..#....P....#
##
#..P....#.....PP##.#
# #P......#P..P.P.#
.#
.###....#.P..###..


You could see a jackal.

Vanquished Creatures
  A dart slug (D:1)
  2 bats (D:1)
  An endoplasm (D:1)
  A giant cockroach (D:1)
  2 goblins (D:1)
  A hobgoblin (D:1)
  A jackal (D:1)
  A quokka (D:1)
  3 ball pythons (D:1)
  3 frilled lizards (D:1)
  3 rats (D:1)
19 creatures vanquished.

Vanquished Creatures (others)
  A demonic plant (D:1)
1 creature vanquished.

Grand Total: 20 creatures vanquished

Notes
Turn   | Place    | Note
-------+----------+-------------------------------------------
     0 | D:1      | lmSkywalker the Djinni Transmuter began the quest for the
                  | Orb.
     0 | D:1      | Reached XP level 1. HP: 17/17 MP: 0/0
   447 | D:1      | Found Baylepp's Assorted Antiques.
   474 | D:1      | Reached XP level 2. HP: 18/22 MP: 0/0
   566 | D:1      | Found Fufotzodgh's Magic Scroll Shop.
   943 | D:1      | Found Roterooc's Assorted Antiques.
  1278 | D:1      | Found a faded altar of an unknown god.
  1325 | D:1      | Slain by a jackal

Illustrated notes

Levels and vault maps discovered:
D:1:      moated_graveyard_arrival, layout_basic, serial_shops,
          nicolae_shop_statue_plus, shop, shop, shapermc_ecumenical_altar_gd

Skill      XL: |  1  2 |
---------------+-------+-----
Spellcasting   | 2 |  2.0
Fighting       | |  1.5
Dodging        | |  2.6
Unarmed Combat | |  3.2

Action                   || total
-------------------------++-------
Melee: Unarmed           ||    75
       Headbutt          ||     8
 Cast: Beastly Appendage ||    17
       Wereblood         ||     1
 Stab: Sleeping          ||     1
Armor: Robe              ||    16
Dodge: Dodged            ||    57

Table legend: (Time is in decaauts)
 A = Elapsed time spent in this place.
 B = Non-inter-level travel time spent in this place.
 C = Inter-level travel time spent in this place.
 D = Time resting spent in this place.
 E = Time spent auto-exploring this place.
 F = Levels seen in this place.
 G = Mean time per level.
                   A        B        C        D        E       F      G
               +--------+--------+--------+--------+--------+-----+--------+
         Total |   1321 |   1317 |      4 |    251 |    563 |   1 | 1321.0 |
       Dungeon |   1321 |   1317 |      4 |    251 |    563 |   1 | 1321.0 |
               +--------+--------+--------+--------+--------+-----+--------+

Top non-repeatable levels by time:
     D:1: 1321 daAuts
